Map: Acid Plant LE

Players

Elazer - Winner!

  • Race: Zerg Zerg
  • League: Grandmaster
  • Spawn Location: 5:00

Patience

  • Race: Protoss Protoss
  • Spawn Location: 11:00

Event: HomeStory Cup XVII

VOD

Have the link to the VOD?

Description

Time

  • Played on: June 30, 2018, 7:35 a.m.
  • Length: 6:11

All games in this series

Show
View Real Time Build Order
Export as new Build Order

Elazer Zerg - Winner!

Build Orders: Hatch First 

Get SALT Encoding   

  12  0:00  Drone  
  13  0:12  Overlord  
  13  0:17  Drone  
  14  0:31  Drone x2  
  16  0:48  Hatchery  
  15  0:51  Drone  
  15  0:54  Drone  
  17  0:58  Drone  
  18  1:08  Extractor  
  17  1:12  Spawning Pool  
  17  1:16  Drone  
  17  1:20  Drone  
  18  1:28  Drone  
  19  1:39  Drone  
  20  1:50  Overlord  
  20  1:59  Queen  
  20  2:00  Queen, Zergling x4  
  26  2:11  Metabolic Boost  
  26  2:12  Drone x2  
  28  2:22  Drone x2  
  30  2:32  Drone  
  30  2:33  Drone  
  32  2:42  Hatchery  
  31  2:46  Queen  
  31  2:50  Overlord  
  33  2:53  Drone  
  33  2:55  Drone  
  36  2:58  Drone  
  36  3:09  Drone x4  
  36  3:10  Drone x2  
  42  3:14  Overlord  
  42  3:21  Queen  
  42  3:24  Overlord  
  44  3:32  Drone x4  
  48  3:43  Drone x4  
  48  3:44  Lair  
  48  3:48  Spore Crawler  
  51  3:53  Overlord, Drone  
  52  3:58  Queen  
  52  3:59  Spore Crawler  
  52  4:01  Drone  
  54  4:03  Drone x2  
  54  4:05  Drone  
  54  4:07  Drone  
  58  4:11  Extractor  
  57  4:17  Extractor  
  57  4:18  Drone x2  
  57  4:22  Roach Warren  
  57  4:23  Queen  
  59  4:25  Overlord  
  59  4:26  Zergling x2  
  59  4:27  Zergling x2  
  59  4:31  Zergling x6  
  64  4:44  Queen  
  65  4:46  Zergling x10  
  65  4:47  Nydus Network  
  65  4:52  Overlord  
  69  4:53  Zergling x4  
  71  5:02  Overlord  
  71  5:04  Queen  
  73  5:09  Roach  
  72  5:15  Roach x5  
  82  5:27  Nydus Canal  
  84  5:28  Roach x4  
  88  5:36  Roach  
Show
View Real Time Build Order
Export as new Build Order

Patience Protoss 

Build Orders: 1 Gate Expand, Oracle Opening, Phoenix Opening 

Get SALT Encoding   

  12  0:00  Probe  
  13  0:12  Probe  
  14  0:18  Pylon  
  14  0:24  Probe  
  15  0:32  Probe  
  15  0:40  Probe  
  15  0:41  Gateway  
  16  0:47  Assimilator  
  17  0:51  Probe  
  18  1:03  Probe  
  19  1:15  Probe  
  20  1:24  Nexus  
  20  1:34  Cybernetics Core  
  20  1:38  Probe  
  21  1:44  Assimilator  
  21  1:50  Probe  
  21  1:54  Pylon  
  22  2:02  Probe  
  22  2:03  Adept  
  23  2:15  Probe  
  26  2:18  Stargate  
  26  2:25  Warp Gate  
  26  2:27  Probe  
  26  2:29  Adept  
  27  2:34  Probe  
  27  2:36  Probe  
  29  2:42  Probe  
  31  2:44  Probe  
  33  2:51  Probe  
  33  2:54  Phoenix, Probe  
  35  3:03  Probe  
  38  3:07  Probe  
  38  3:09  Pylon  
  39  3:15  Probe  
  39  3:17  Oracle  
  39  3:19  Probe  
  41  3:25  Assimilator  
  44  3:28  Probe  
  44  3:29  Assimilator  
  44  3:32  Probe  
  46  3:37  Probe  
  46  3:41  Gateway  
  47  3:44  Probe  
  47  3:45  Probe  
  48  3:49  Robotics Facility  
  48  3:54  Probe  
  49  3:56  Probe  
  49  4:01  Twilight Council  
  51  4:06  Probe  
  51  4:08  Probe, Pylon  
  53  4:19  Probe  
  53  4:22  Pylon  
  53  4:23  Gateway x2  
  54  4:26  Probe  
  54  4:31  Warp Prism  
  55  4:43  Templar Archives  
  55  4:45  Forge  
  57  4:46  Probe  
  57  4:47  Probe, Zealot  
  57  4:52  Zealot  
  63  4:59  Pylon  
  63  5:03  Pylon  
  64  5:19  Nexus  
  64  5:21  Pylon  
  64  5:26  Pylon  
  64  5:28  Adept x2  
  64  5:31  Sentry x2  
  64  5:33  Shield Battery  
  71  5:37  Shield Battery  
  63  5:50  Zealot  
  63  5:53  Sentry  
  63  5:56  Zealot x2  
Tags
 
Add a new tag
Caveats
  • Supply blocks, unpowered buildings, or Contaminate may cause inaccurate times.
  • Supply counts are checked every 10 seconds.